 Dungeon Crawl Stone Soup version 0.28.0-45-g0d030f2227 (webtiles) character file.

Game seed: 9691703074337450021

8060 croobank the Severer (level 11, -3/82 HPs)
             Began as a Minotaur Fighter on Apr 16, 2022.
             Was a High Priest of Okawaru.
             Slain by a five-headed hydra (5 damage)
             ... on level 2 of the Lair of Beasts.
             The game lasted 00:24:58 (8167 turns).

croobank the Severer (Minotaur Fighter)             Turns: 8167, Time: 00:24:58

Health: -3/82      AC:  5    Str: 26    XL:     11   Next: 4%
Magic:  8/10       EV: 13    Int:  5    God:    Okawaru [*****.]
Gold:   432        SH:  0    Dex:  9    Spells: 7/10 levels left

rFire   . . .      SeeInvis +   P - +4 executioner's axe (flame)
rCold   + . .      Faith    .   (shield currently unavailable)
rNeg    . . .      Spirit   .   z - +1 robe of Vines {NoPotionHeal Regen++++}
rPois   .          Reflect  .   (helmet restricted)
rElec   .          Harm     .   (no cloak)
rCorr   .          Rampage  .   r - +0 pair of gloves
Will    .....                   (no boots)
Stlth   +++.......              (no amulet)
HPRegen 3.43/turn               (no ring)
MPRegen 0.12/turn               (no ring)

@: heroic
A: horns 2, retaliatory headbutt, talons 1, see invisible, cold resistance 1,
frail 1
a: Renounce Religion, Heroism, Finesse, Duel


You were on level 2 of the Lair of Beasts.
You worshipped Okawaru.
Okawaru was extremely pleased with you.
You visited 3 branches of the dungeon, and saw 12 of its levels.

You collected 432 gold pieces.

Inventory:

Hand Weapons
 a - a +2 flail of draining
 b - a +0 hunting sling
 d - a +0 battleaxe
 f - a +2 trident of venom
 u - a +2 war axe of flaming
 w - a +0 shortbow
 y - a +2 vorpal war axe
 F - a +3 morningstar
 G - a +4 halberd
 N - a +0 broad axe
 P - a +4 executioner's axe of flaming (weapon)
Missiles
 e - 216 stones (quivered)
 j - 50 sling bullets
 n - 5 boomerangs
 p - 239 arrows
 s - 7 poisoned darts
 t - 81 bolts
 v - a silver boomerang
Armour
 c - a +0 buckler
 r - a +0 pair of gloves (worn)
 x - a +0 chain mail
 z - the +1 robe of Vines (worn) {NoPotionHeal Regen++++}
   (You found it on level 8 of the Dungeon)

   Its wearer cannot be healed by potions.
   Regen:     It increases your rate of health regeneration.
 D - a +0 troll leather armour
Wands
 E - a wand of flame (4)
Scrolls
 i - a scroll of magic mapping
 k - 2 scrolls of vulnerability
 A - 2 scrolls of fear
 I - a scroll of identify
 L - 2 scrolls of holy word
 M - a scroll of fog
Potions
 g - a potion of haste
 h - a potion of brilliance
 l - 4 potions of heal wounds
 m - a potion of berserk rage
 o - 2 potions of mutation
 q - a potion of lignification {unknown}
 B - a potion of invisibility {unknown}
 C - a potion of curing {unknown}
 H - 2 potions of resistance {unknown}
 O - a potion of ambrosia {unknown}


   Skills:
 - Level 7.2(12.2) Fighting
 + Level 16.2(21.5) Axes
 - Level 5.3(16.8) Maces & Flails
 - Level 7.3(12.3) Armour
 - Level 7.2(12.2) Shields


You had 7 spell levels left.
You knew the following spells:

 Your Spells              Type           Power      Damage    Failure   Level
a - Mephitic Cloud        Conj/Pois/Air  0%         N/A       85%         3

Your spell library contained the following spells:

 Spells                   Type           Power      Damage    Failure   Level
 Magic Dart               Conj           0%         1d3       47%         1
 Static Discharge         Conj/Air       0%         N/A       63%         2
 Gell's Gravitas          Tloc           0%         N/A       85%         3
 Teleport Other           Tloc           0%         N/A       85%         3
 Dispel Undead            Necr           0%         3d6       99%         4
 Sticky Flame             Conj/Fire      0%         2d3       99%         4
 Dispersal                Tloc           0%         N/A       100%        6
 Call Imp                 Summ           Unusable   N/A       N/A         2

Dungeon Overview and Level Annotations

Branches:
Dungeon (9/15)             Temple (1/1) D:5            Lair (2/6) D:9
    Orc (0/2) D:9
  Swamp: Lair:2-4    Shoals: Lair:2-4     Snake: Lair:2-4    Spider: Lair:2-4

Altars:
Ashenzari
Cheibriados
Dithmenos
Elyvilon
Fedhas
Gozag
Hepliaklqana
Kikubaaqudgha
Makhleb
Nemelex Xobeh
Okawaru
Qazlal
Ru
Sif Muna
Trog
Uskayaw
Vehumet
Wu Jian
Xom
Yredelemnul
Zin
The Shining One

Shops:
D:3 *

Annotations:
D:5 2 transporters, KittyFluff's ghost, novice GrBe


Innate Abilities, Weirdness & Mutations

You have a pair of horns on your head.
You reflexively headbutt those who attack you in melee.
You have sharp toenails.
You have supernaturally acute eyesight. (SInv)
Your flesh is cold resistant. (rC+)
You are frail. (-10% HP)


Message History

You burn the seven-headed hydra! You claw the seven-headed hydra.
The seven-headed hydra is moderately wounded.
You slice the plant!! You burn the plant. The seven-headed hydra bites you.
The seven-headed hydra bites you!
The seven-headed hydra barely misses you.
The seven-headed hydra bites you. The seven-headed hydra bites you!
* * * LOW HITPOINT WARNING * * *
The seven-headed hydra misses you.
The seven-headed hydra barely misses you.
A nearby plant withers and dies.
You chop one of the seven-headed hydra's heads off!
The flame cauterises the wound!
You slice the six-headed hydra!! You burn the six-headed hydra!
The six-headed hydra is heavily wounded.
You slice the fungus!!
The fungus begins to die.
You burn the fungus! The six-headed hydra barely misses you.
The six-headed hydra closely misses you.
The six-headed hydra bites you. The six-headed hydra bites you! x2
* * * LOW HITPOINT WARNING * * *
The six-headed hydra barely misses you.
You lop one of the six-headed hydra's heads off!
The flame cauterises the wound!
You slash the five-headed hydra! You burn the five-headed hydra.
You headbutt the five-headed hydra!
The five-headed hydra is almost dead.
You slice the fungus!! You burn the fungus!
You hear an angry hiss.
The five-headed hydra barely misses you.
The five-headed hydra bites you!
* * * LOW HITPOINT WARNING * * *
The five-headed hydra bites you.
* * * LOW HITPOINT WARNING * * *
The five-headed hydra bites you!
* * * LOW HITPOINT WARNING * * *
The five-headed hydra barely misses you.
You gain the combat prowess of a mighty hero.
A nearby fungus withers and dies.
The five-headed hydra bites you.
* * * LOW HITPOINT WARNING * * *
The five-headed hydra closely misses you.
The five-headed hydra bites you.
You die...

............#####.
............##
.........P.#.#
............##
.........#.##
#.#.##.#....#
............###
.......D...PP.#
.......@....P....
##.....##.#.......
#...## ##........
#... #.....## #.
...... # ....# ...


You could see a five-headed hydra.

Vanquished Creatures
  2 hydras
  A black mamba (Lair:1)
  3 cane toads
  Maggie (D:6)
  3 komodo dragons
  2 trolls (D:8)
  A polar bear (Lair:1)
  Grinder (D:6)
  3 blink frogs (Lair:2)
  3 water moccasins
  2 orc warriors
  3 ice beasts
  A black bear (D:6)
  5 centaurs
  4 bullfrogs
  5 scorpions
  A wyvern zombie (D:8)
  8 killer bees
  3 wights (D:8)
  A hound (D:6)
  4 orc priests
  3 centaur skeletons
  2 bullfrog skeletons
  4 iguanas
  5 orc wizards
  2 killer bee zombies
  2 howler monkey zombies
  7 gnolls
  A howler monkey skeleton (D:4)
  11 adders
  A shadow imp (D:7)
  A white imp (D:8)
  2 ufetubi
  A dart slug (D:4)
  13 orcs
  5 endoplasms
  4 giant cockroaches
  8 goblins
  9 hobgoblins
  4 jackals (D:1)
  3 quokkas
  8 ball pythons
  5 bats
  2 frilled lizards
  5 kobolds
  4 rats
169 creatures vanquished.

Vanquished Creatures (others)
  10 fungi
  24 plants
34 creatures vanquished.

Grand Total: 203 creatures vanquished

Notes
Turn   | Place    | Note
-------+----------+-------------------------------------------
     0 | D:1      | croobank the Minotaur Fighter began the quest for the Orb.
     0 | D:1      | Reached XP level 1. HP: 19/19 MP: 0/0
   137 | D:1      | Reached XP level 2. HP: 27/27 MP: 1/1
   576 | D:1      | Reached skill level 3 in Axes
   704 | D:2      | Reached XP level 3. HP: 33/33 MP: 2/2
   809 | D:2      | Reached XP level 4. HP: 8/41 MP: 3/3
  1605 | D:3      | Found Bamush's Assorted Antiques.
  2369 | D:4      | Reached XP level 5. HP: 47/47 MP: 4/4
  2623 | D:4      | Noticed a centaur
  2631 | D:4      | Killed a centaur
  2632 | D:4      | Reached skill level 5 in Fighting
  2632 | D:4      | Reached skill level 1 in Maces & Flails
  2632 | D:4      | Reached skill level 5 in Armour
  2632 | D:4      | Reached skill level 5 in Shields
  2658 | D:4      | Reached XP level 6. HP: 56/56 MP: 5/5
  3402 | D:5      | Entered Level 5 of the Dungeon
  4048 | D:5      | Reached XP level 7. HP: 55/62 MP: 6/6
  4084 | D:5      | Found a staircase to the Ecumenical Temple.
  4099 | Temple   | Entered the Ecumenical Temple
  4248 | Temple   | Became a worshipper of Warmaster Okawaru
  4468 | D:5      | Found a transporter.
  4468 | D:5      | Identified the +0 leather armour of True Grit {rF+ rC+
                  | Int-5}
  4471 | D:5      | Noticed KittyFluff's ghost (novice GrBe)
  4516 | D:5      | Found a transporter.
  4668 | D:6      | Noticed Maggie
  4673 | D:6      | Reached XP level 8. HP: 43/71 MP: 7/7
  4677 | D:6      | Reached * piety under Okawaru
  4685 | D:6      | Killed Maggie
  4686 | D:6      | Reached skill level 5 in Maces & Flails
  4867 | D:6      | Reached skill level 4 in Axes
  4874 | D:6      | Found an opulent altar of Gozag.
  4922 | D:6      | Reached skill level 5 in Axes
  5195 | D:6      | Reached ** piety under Okawaru
  5251 | D:6      | Noticed Grinder
  5257 | D:6      | Paralysed by Grinder for 3 turns
  5261 | D:6      | Killed Grinder
  5262 | D:6      | Reached skill level 7 in Axes
  5555 | D:7      | Reached XP level 9. HP: 66/79 MP: 8/8
  5805 | D:7      | Reached skill level 8 in Axes
  6248 | D:8      | Found the +1 robe of Vines {NoPotionHeal Regen++++}
  6258 | D:8      | Reached skill level 9 in Axes
  6508 | D:8      | Noticed a troll
  6515 | D:8      | Killed a troll
  6693 | D:8      | Reached skill level 10 in Axes
  6695 | D:8      | Noticed a troll
  6791 | D:8      | Reached *** piety under Okawaru
  6841 | D:8      | Noticed a five-headed hydra
  6854 | D:8      | Killed a three-headed hydra
  6854 | D:8      | Reached **** piety under Okawaru
  6855 | D:8      | Reached skill level 11 in Axes
  6879 | D:8      | Reached skill level 12 in Axes
  6908 | D:8      | Killed a troll
  6930 | D:8      | Reached XP level 10. HP: 86/86 MP: 9/9
  7107 | D:9      | Reached skill level 13 in Axes
  7148 | D:9      | Found a staircase to the Orcish Mines.
  7197 | D:9      | Found a staircase to the Lair.
  7211 | D:9      | Gained mutation: You are frail. (-10% HP) [potion of
                  | mutation]
  7211 | D:9      | Gained mutation: Your flesh is cold resistant. (rC+)
                  | [potion of mutation]
  7211 | D:9      | Gained mutation: You have supernaturally acute eyesight.
                  | (SInv) [potion of mutation]
  7211 | D:9      | Gained mutation: You have sharp toenails. [potion of
                  | mutation]
  7218 | Lair:1   | Entered Level 1 of the Lair of Beasts
  7272 | Lair:1   | Learned a level 3 spell: Mephitic Cloud
  7325 | Lair:1   | Reached skill level 14 in Axes
  7418 | Lair:1   | Noticed a black mamba
  7426 | Lair:1   | Killed a black mamba
  7426 | Lair:1   | Reached ***** piety under Okawaru
  7590 | Lair:1   | Noticed a cane toad
  7605 | Lair:1   | Killed a cane toad
  7668 | Lair:1   | Received a gift from Okawaru
  8051 | Lair:2   | Noticed a cane toad
  8059 | Lair:2   | Killed a cane toad
  8060 | Lair:2   | Reached skill level 15 in Axes
  8094 | Lair:2   | Noticed a cane toad
  8102 | Lair:2   | Killed a cane toad
  8134 | Lair:2   | Noticed a five-headed hydra
  8134 | Lair:2   | Noticed an eight-headed hydra
  8145 | Lair:1   | Killed a three-headed hydra
  8146 | Lair:1   | Reached skill level 16 in Axes
  8146 | Lair:1   | Reached XP level 11. HP: 63/82 MP: 10/10
  8167 | Lair:2   | HP: 2/82 [five-headed hydra (6)]
  8167 | Lair:2   | Slain by a five-headed hydra

Illustrated notes

Levels and vault maps discovered:
D:1:      erik_arrival_orb_chamber, layout_loops_ring, serial_bayou,
          serial_bayou_shore_b, serial_bayou_shore_b, serial_bayou_pond_a,
          serial_bayou_shore_a, serial_bayou_pond_a
D:2:      layout_rooms
D:3:      layout_loops_ring, serial_shops, shop
D:4:      layout_loops_ring, saegor_snake_ambush
D:5:      layout_rooms, temple_statues, gammafunk_ghost_mausoleum
D:6:      layout_rooms, grunt_gozag_statues, uniq_grinder, uniq_maggie
D:7:      layout_gridville
D:8:      layout_basic, st_stairs_14, hellmonk_guarded_unrand_vines
D:9:      nicolae_whirlpool, layout_cave_pools, grunt_lair_entry_orc_guard_hut
Temple:   regret_index_temple_sigil_plot
Lair:1:   layout_gridlike
Lair:2:   layout_chaotic_city, swamp_mist_pool, gammafunk_ghost_arena

Skill      XL: |  1  2  3  4  5  6  7  8  9 10 |
---------------+-------------------------------+-----
Armour         | 4 5 6 7 |  7.3
Fighting       | 4 5 6 7 |  7.2
Shields        | 4 5 6 7 |  7.2
Axes           | 3 7 12 16 | 16.2
Maces & Flails | 1 3 4 5 |  5.3

Action                   |  1- 3 |  4- 6 |  7- 9 | 10-12 || total
-------------------------+-------+-------+-------+-------++-------
Melee: War axe           |    55 |    69 |   111 |    72 ||   307
       Headbutt          |     3 |    18 |    38 |    16 ||    75
       Flail             |       |    95 |    62 |       ||   157
       Executioner's axe |       |       |       |    19 ||    19
       Kick              |       |       |       |    10 ||    10
Invok: Heroism           |       |       |       |     1 ||     1
  Use: Scroll            |       |     6 |     5 |     8 ||    19
       Potion            |       |       |     5 |     1 ||     6
Armor: Scale mail        |    31 |    95 |    51 |       ||   177
       Chain mail        |       |       |    32 |       ||    32
       Robe              |       |       |     2 |    23 ||    25
Dodge: Dodged            |    25 |    90 |    92 |    67 ||   274
Block: Buckler           |    17 |    39 |    62 |    20 ||   138
